 Dungeon Crawl Stone Soup version 0.29-a0-982-gaed3a0c8d8 (webtiles) character file.

Game seed: 1355199322928913484

44207 testman the Peltast (level 14, -8/110 HPs)
             Began as a Formicid Hunter on Aug 1, 2022.
             Was an Elder of Hepliaklqana.
             Mangled by a two-headed ogre
             ... wielding a +0 giant spiked club
              (11 damage)
             ... on level 14 of the Dungeon.
             The game lasted 00:50:28 (12835 turns).

testman the Peltast (Formicid Hunter)              Turns: 12835, Time: 00:50:29

Health: -8/110     AC:  8    Str: 17    XL:     14   Next: 64%
Magic:  11/11      EV: 12    Int:  9    God:    Hepliaklqana [****..]
Gold:   920        SH: 23    Dex: 27    Spells: 13/13 levels left

rFire   + + .      SeeInvis +   f - +5 arbalest "Hulk" {elec, rF+ MP-9 Dex+6 Stlth+}
rCold   . . .      Faith    .   a - +2 kite shield {rF+}
rNeg    . . .      Spirit   .   z - +0 steam dragon scales
rPois   .          Reflect  +   (helmet unavailable)
rElec   .          Harm     .   (no cloak)
rCorr   +          Rampage  .   o - +1 pair of gloves
Will    +....                   u - +0 pair of boots
Stlth   +++.......              G - amulet of reflection
HPRegen 0.28/turn               v - +4 ring of slaying
MPRegen 0.12/turn               w - ring of resist corrosion

@: no status effects
A: reduced essence, permanent stasis, dig shafts and tunnels, antennae 3, four
strong arms
a: Dig, Shaft Self, Renounce Religion, Recall Ancestor, Ancestor Identity,
Transference, Idealise


You were on level 14 of the Dungeon.
You worshipped Hepliaklqana.
Hepliaklqana was greatly pleased with you.
You visited 1 branch of the dungeon, and saw 15 of its levels.

You collected 1625 gold pieces.
You spent 705 gold pieces at shops.

Inventory:

Hand Weapons
 f - the +5 arbalest "Hulk" (weapon) {elec, rF+ MP-9 Dex+6 Stlth+}
   (You acquired it on level 4 of the Dungeon)

   Any ammunition fired from it occasionally discharges a powerful burst of
   electricity upon striking a foe.
   Dex:       It affects your dexterity (+6).
   rF:        It protects you from fire.
   MP:        It affects your magic capacity (-9).
   Stlth:     It makes you more stealthy.
Armour
 a - a +2 kite shield of fire resistance (worn)
 o - a +1 pair of gloves (worn)
 t - the +2 chain mail of the Intense God {rPois rN+}
   (You found it on level 3 of the Dungeon)

   rPois:     It protects you from poison.
   rN:        It protects you from negative energy.
 u - a +0 pair of boots (worn)
 z - +0 steam dragon scales (worn)
Jewellery
 n - a ring of ice
 v - a +4 ring of slaying (left hand)
 w - a ring of resist corrosion (right hand)
 G - an amulet of reflection (around neck)
Wands
 E - a wand of light (8)
 F - a wand of flame (19)
 K - a wand of paralysis (5)
Scrolls
 b - 6 scrolls of immolation
 e - 3 scrolls of butterflies
 g - 2 scrolls of vulnerability
 j - a scroll of acquirement
 p - 3 scrolls of enchant weapon
 y - a scroll of brand weapon
 A - 4 scrolls of fear
 C - a scroll of summoning
 H - 2 scrolls of silence
Potions
 c - 2 potions of haste {unknown}
 d - 2 potions of might
 h - 6 potions of curing
 i - a potion of invisibility {unknown}
 k - 5 potions of lignification
 l - 3 potions of degeneration {unknown}
 m - 2 potions of heal wounds {unknown}
 q - 3 potions of magic {unknown}
 r - 2 potions of brilliance {unknown}
 s - 3 potions of attraction
 x - a potion of cancellation {unknown}
 B - 3 potions of mutation {unknown}
 D - 3 potions of flight {unknown}


   Skills:
 + Level 15.0 Fighting
 + Level 14.2 Ranged Weapons
 - Level 3.1 Armour
 - Level 1.7 Dodging
 - Level 1.2 Stealth
 + Level 16.3 Shields
 + Level 9.1 Invocations


You had 13 spell levels left.
You didn't know any spells.
Your spell library contained the following spells:

 Spells                   Type           Power      Damage    Failure   Level
 Apportation              Tloc           0%         N/A       52%         1
 Beastly Appendage        Tmut           0%         N/A       52%         1
 Magic Dart               Conj           0%         1d3       52%         1
 Necrotise                Necr           0%         1d4       52%         1
 Shock                    Conj/Air       0%         1d3       52%         1
 Summon Small Mammal      Summ           0%         N/A       52%         1
 Ensorcelled Hibernation  Hex/Ice        0%         N/A       65%         2
 Searing Ray              Conj           0%         2d4       65%         2
 Sublimation of Blood     Necr           0%         N/A       65%         2
 Wereblood                Tmut           0%         N/A       65%         2
 Gell's Gravitas          Tloc           0%         N/A       87%         3
 Lesser Beckoning         Tloc           0%         N/A       87%         3
 Spider Form              Tmut/Pois      0%         N/A       87%         3
 Teleport Other           Tloc           0%         N/A       87%         3
 Airstrike                Air            0%         0-1+      99%         4
 Anguish                  Hex/Necr       0%         N/A       99%         4
 Fulminant Prism          Conj/Hex       0%         3d6       99%         4
 Hailstorm                Conj/Ice       0%         3d3       99%         4
 Ice Form                 Ice/Tmut       0%         N/A       99%         4
 Petrify                  Tmut/Erth      0%         N/A       99%         4
 Alistair's Intoxication  Tmut/Pois      0%         N/A       100%        5
 Irradiate                Conj/Tmut      0%         3d11      100%        5
 Simulacrum               Ice/Necr       0%         N/A       100%        6
 Swiftness                Air            Unusable   N/A       N/A         3

Dungeon Overview and Level Annotations

Branches:
Dungeon (15/15)            Temple (0/1) D:7            Lair (0/5) D:8
    Orc (0/2) D:10         Vaults (0/5) D:14         Depths (0/4) D:15

Altars:
Dithmenos
Hepliaklqana
Sif Muna
Trog
The Shining One

Shops:
D:2 ([:   D:4 [*((*   D:7 *   D:8 *   D:12 =

Annotations:
D:4 2 transporters, testman's ghost, amateur DEHu


Innate Abilities, Weirdness & Mutations

Your life essence is reduced to manifest your ancestor. (-10% HP)
You cannot be hasted, slowed, berserked, paralysed or teleported.
You can dig through walls and to a lower floor.
You have a pair of large antennae on your head. (SInv)
Your four strong arms can wield two-handed weapons with a shield.


Message History

Ancestor HP restored.
You start resting.
You feel a little less mighty now.
You start resting.
HP restored.
You climb downwards.
Beware, you cannot shaft yourself on this level.
You feel a wave of frost pass over you.
There is an entrance to an ice cave on this level.
Hurry and find it before the portal melts!
You hear the steady crackling of a melting archway very nearby.
You block the hornet's attack. You block the two-headed ogre's attack.
The two-headed ogre closely misses you. You block the freezing wraith's attack.
The freezing wraith hits you! The hornet stings you.
You are poisoned.
Your stasis prevents you from being slowed.
The two-headed ogre hits you with a +0 giant club!!
The two-headed ogre hits you with a +0 giant club.
There is a stone staircase leading up, spattered with blood here.
You feel very sick. The hornet closely misses you.
The freezing wraith hits you. The freezing wraith freezes you!
You block the freezing wraith's attack. You block the two-headed ogre's attack.
The two-headed ogre hits you with a +0 giant club!
Xiloxoch barely misses the hornet.
The hornet stings you but does no damage.
You climb upwards.
You feel very sick.
There is a stone staircase leading down here.
You feel better.
You block the two-headed ogre's attack. x2
The freezing wraith hits you! The freezing wraith freezes you!!
* * * LOW HITPOINT WARNING * * *
The freezing wraith barely misses you.
Xiloxoch hits the two-headed ogre with a +0 flail!
The hornet stings you.
* * * LOW HITPOINT WARNING * * *
Your stasis prevents you from being slowed.
The two-headed ogre hits you with a +0 giant spiked club!
* * * LOW HITPOINT WARNING * * *
The two-headed ogre hits you with a +0 giant club!
You die...

############ ##########
#.....O@O..# #.........
#.....WyR..# #.........
#.......)..# #.........
#..........# #.......).
#..........####.........
#..........#))'.........
#.........)..##.......÷)
#.........)############)
#..........# #÷


You could see the friendly Xiloxoch the knight, 2 two-headed ogres, a freezing
wraith and a hornet shaped shifter.

Vanquished Creatures
  6 boulder beetles
  3 hydras
  A catoblepas (D:14)
  6 centaur warriors
  4 two-headed ogres
  3 tengu warriors (D:13)
  6 skeletal warriors
  A deep elf pyromancer (D:13)
  A wizard (D:14)
  An orc knight (D:13)
  A deep elf zephyrmancer (D:14)
  An ugly thing (D:12)
  A wolf spider (D:13)
  5 cyclopes
  An elephant (D:8)
  A manticore (D:12)
  4 gargoyles
  4 rime drakes (D:14)
  An efreet (D:14)
  An unseen horror (D:11)
  2 yaktaurs (shapeshifter)
  Maggie (D:8)
  A yaktaur (D:13)
  3 trolls
  A hornet (D:13)
  10 slime creatures
  A centaur simulacrum (D:13)
  4 wraiths
  A vampire (D:11)
  9 wyverns
  Eustachio (D:5)
  4 basilisks (D:14)
  A steam dragon (D:6)
  14 yaks
  A vampire mosquito (D:11)
  2 acid dragons
  A water moccasin (D:8)
  3 orc warriors
  An ice beast (shapeshifter) (D:13)
  A sky beast (D:7)
  2 black bears
  An ogre (D:7)
  6 centaurs
  2 phantoms
  A kobold brigand (D:4)
  2 necrophages (D:5)
  6 scorpions
  A bullfrog (D:8)
  5 wights (D:9)
  8 killer bees (D:9)
  5 howler monkeys
  A jelly (D:8)
  2 hounds
  6 orc priests
  An iguana (D:4)
  9 orc wizards
  6 hell rats (D:14)
  8 adders
  3 shadow imps
  2 white imps
  3 ufetubi
  A worm (D:2)
  2 dart slugs (D:4)
  37 orcs
  5 bats
  7 endoplasms
  5 hobgoblins
  6 jackals
  2 quokkas
  3 ball pythons
  2 frilled lizards
  3 goblins
  28 kobolds
  3 rats
  A spectral kobold (D:1)
299 creatures vanquished.

Vanquished Creatures (collateral kills)
  A hydra (D:14)
  An ogre mage (D:14)
  A two-headed ogre (D:14)
  3 skeletal warriors (D:14)
  2 manticores
  A komodo dragon (D:12)
  2 efreet
  2 slime creatures
  2 wraiths
  3 yaks
  A basilisk (D:8)
  A wyvern (D:14)
  A vampire mosquito (D:11)
  A killer bee (D:9)
  2 orc wizards (D:10)
  2 hell rats (D:14)
  5 orcs
  A hobgoblin (D:7)
32 creatures vanquished.

Vanquished Creatures (others)
  An ancestor (D:8)
  6 knights
  11 plants (D:4)
18 creatures vanquished.

Grand Total: 349 creatures vanquished

Notes
Turn   | Place    | Note
-------+----------+-------------------------------------------
     0 | D:1      | testman the Formicid Hunter began the quest for the Orb.
     0 | D:1      | Reached XP level 1. HP: 16/16 MP: 1/1
   173 | D:1      | Reached XP level 2. HP: 23/23 MP: 2/2
   305 | D:1      | Found a faded altar of an unknown god.
   574 | D:2      | Reached XP level 3. HP: 28/28 MP: 3/3
   587 | D:2      | Found Botygut's Book Shop.
   970 | D:2      | Found Uptuhyq's Weapon Boutique.
   993 | D:2      | Found Huireot's Armour Emporium.
  1002 | D:2      | Bought a +0 pair of gloves for 58 gold pieces
  1357 | D:3      | You fall into a shaft and drop 3 floors!
  1499 | D:6      | Reached XP level 4. HP: 35/35 MP: 4/4
  1638 | D:6      | Noticed a steam dragon
  1742 | D:5      | Entered Level 5 of the Dungeon
  1750 | D:4      | Found Gyppiac's Antique Armour Shop.
  1905 | D:3      | Reached skill level 5 in Ranged Weapons
  1905 | D:3      | Reached XP level 5. HP: 30/42 MP: 5/5
  2024 | D:3      | Found a glowing golden altar of the Shining One.
  2458 | D:3      | Reached XP level 6. HP: 49/49 MP: 6/6
  2560 | D:3      | Identified the +2 chain mail of the Intense God {rPois rN+}
  2845 | D:4      | Found Veptif's Weapon Emporium.
  2859 | D:4      | Reached skill level 5 in Fighting
  2859 | D:4      | Reached skill level 1 in Armour
  2951 | D:4      | Found a transporter.
  2956 | D:4      | Noticed testman's ghost (amateur DEHu)
  3020 | D:4      | Reached XP level 7. HP: 45/56 MP: 7/7
  3358 | D:4      | Found a transporter.
  3363 | D:4      | Found Owog's General Store.
  3588 | D:4      | Found Fiup's Weapon Emporium.
  3753 | D:4      | Found Itradd's General Store.
  3761 | D:4      | Bought a potion of curing for 39 gold pieces
  3761 | D:4      | Bought a scroll of identify for 26 gold pieces
  3762 | D:4      | Identified 2 scrolls of acquirement
  3768 | D:4      | Acquired 874 gold pieces
  3771 | D:4      | Acquired the +5 arbalest "Hulk" {elec, rF+ MP-9 Dex+6
                  | Stlth+}
  3824 | D:4      | Bought a runed kite shield for 202 gold pieces
  3957 | D:5      | Noticed Eustachio
  3967 | D:5      | Killed Eustachio
  3968 | D:5      | Reached skill level 2 in Shields
  3968 | D:5      | Reached XP level 8. HP: 64/64 MP: 0/8
  4084 | D:5      | Reached skill level 3 in Shields
  4102 | D:5      | Found a hazy altar of Hepliaklqana.
  4111 | D:5      | Became a worshipper of Hepliaklqana the Forgotten
  4276 | D:5      | Reached skill level 4 in Shields
  4883 | D:6      | Found a shimmering blue altar of Sif Muna.
  4931 | D:6      | Reached skill level 5 in Shields
  4931 | D:6      | Reached XP level 9. HP: 72/72 MP: 0/9
  4933 | D:6      | Reached * piety under Hepliaklqana
  5351 | D:7      | Found a staircase to the Ecumenical Temple.
  5358 | D:7      | Reached skill level 6 in Shields
  5526 | D:7      | Found Gosmunem's Assorted Antiques.
  5536 | D:7      | Bought a scroll of identify for 50 gold pieces
  5905 | D:8      | Noticed Maggie
  6002 | D:8      | Killed Maggie
  6120 | D:8      | Found Cadduecs's Demolitions Depot.
  6197 | D:8      | Reached skill level 7 in Shields
  6346 | D:8      | Found a staircase to the Lair.
  6348 | D:8      | Noticed an elephant
  6352 | D:8      | Reached XP level 10. HP: 73/73 MP: 1/10
  6361 | D:8      | Killed an elephant
  6362 | D:8      | Reached skill level 8 in Shields
  6829 | D:9      | Reached ** piety under Hepliaklqana
  6830 | D:9      | Remembered your ancestor Xiloxoch as a knight
  6855 | D:9      | Reached skill level 9 in Shields
  6865 | D:9      | Reached skill level 10 in Fighting
  7199 | D:9      | Reached skill level 10 in Ranged Weapons
  7237 | D:9      | Reached skill level 10 in Shields
  7238 | D:9      | Reached XP level 11. HP: 82/82 MP: 2/11
  7312 | D:9      | Noticed a two-headed ogre
  7316 | D:9      | Killed a two-headed ogre
  7491 | D:9      | Reached skill level 11 in Shields
  7910 | D:10     | Entered Level 10 of the Dungeon
  7949 | D:10     | Found a shadowy altar of Dithmenos.
  8018 | D:10     | Found a staircase to the Orcish Mines.
  8407 | D:10     | Found a bloodstained altar of Trog.
  8871 | D:11     | Reached skill level 12 in Shields
  9205 | D:11     | Reached *** piety under Hepliaklqana
  9273 | D:11     | Noticed a boulder beetle
  9278 | D:11     | Killed a boulder beetle
  9279 | D:11     | Reached XP level 12. HP: 91/91 MP: 3/12
  9376 | D:11     | Noticed a boulder beetle
  9384 | D:11     | Killed a boulder beetle
  9790 | D:12     | Noticed a six-headed hydra
  9794 | D:12     | Killed a six-headed hydra
  9795 | D:12     | Reached skill level 13 in Shields
  9906 | D:12     | Found Cily Apn's Jewellery Boutique.
  9914 | D:12     | Bought an amulet of reflection for 330 gold pieces
 10034 | D:12     | Reached **** piety under Hepliaklqana
 10074 | D:12     | Reached skill level 1 in Invocations
 10491 | D:13     | Noticed a boulder beetle
 10496 | D:13     | Killed a boulder beetle
 10524 | D:13     | Noticed a tengu warrior
 10527 | D:13     | Killed a tengu warrior
 10619 | D:13     | Noticed a centaur warrior
 10623 | D:13     | Killed a centaur warrior
 10628 | D:13     | Noticed a tengu warrior
 10629 | D:13     | Reached skill level 14 in Shields
 10629 | D:13     | Reached XP level 13. HP: 72/99 MP: 6/15
 10846 | D:13     | Noticed a boulder beetle
 10853 | D:13     | Noticed a centaur warrior
 10857 | D:13     | Killed a centaur warrior
 10863 | D:13     | Reached skill level 5 in Invocations
 10880 | D:13     | Killed a boulder beetle
 10982 | D:13     | Noticed a centaur warrior
 10988 | D:13     | Killed a centaur warrior
 11279 | D:13     | Noticed a boulder beetle
 11286 | D:13     | Killed a boulder beetle
 11612 | D:14     | Noticed a centaur warrior
 11615 | D:14     | Killed a centaur warrior
 11616 | D:14     | Reached skill level 15 in Shields
 11736 | D:14     | Found a gate to the Vaults.
 11912 | D:14     | Noticed a boulder beetle
 11913 | D:14     | Noticed a centaur warrior
 11920 | D:14     | Killed a boulder beetle
 11921 | D:14     | Reached XP level 14. HP: 108/108 MP: 10/19
 12253 | D:14     | Reached skill level 16 in Shields
 12508 | D:15     | Entered Level 15 of the Dungeon
 12600 | D:14     | Reached skill level 15 in Fighting
 12835 | D:14     | HP: 3/110 [two-headed ogre/+0 giant spiked club (15)]
 12835 | D:14     | Mangled by a two-headed ogre

Illustrated notes

Levels and vault maps discovered:
D:1:      dpeg_arrival_houses_and_road, layout_basic,
          dreamdust_ecumenical_altar_drowned_temple
D:2:      layout_basic, serial_shops, nicolae_shop_crystal, shop,
          nicolae_shop_behind_doors
D:3:      layout_basic, lemuel_tele_altar, eino_tiny_chamber
D:4:      kennysheep_kobold_camp, layout_basic, serial_shops, shop, shop, shop,
          shop, shop, gammafunk_ghost_arena
D:5:      layout_loops_cross, mainiacjoe_overflow_surrounded_room,
          uniq_eustachio
D:6:      layout_loops_corners, lemuel_doored_altar
D:7:      layout_basic, minmay_temple_entry_glass, serial_shops, shop_fountains,
          corexii_checkpoint_a
D:8:      layout_basic, david_lair_generic, nrook_loot_triangle, minivault_21,
          nicolae_blasting_shop, uniq_maggie
D:9:      layout_long_grid
D:10:     layout_basic, old_standard_altar, nicolae_dithmenos_the_darkroom,
          minmay_orc_entry_temple_small, serial_park_tiny_pond,
          nicolae_twisting_strands, nicolae_figureground_pulse
D:11:     layout_cave_pods
D:12:     layout_stronghold, minmay_shop_enchanted_jewellery
D:13:     minmay_dotted_concentric_squares, layout_loops_cross,
          minmay_variable_closet
D:14:     layout_roguey [special_room_mythical_zoo], david_vaults_1
D:15:     gammafunk_enter_depths_forms, layout_rooms,
          portal_ice_cave_entry_ice_statue_one, serial_shops,
          nicolae_shop_behind_doors, hex_tiny, ashenzari_altar_1

Skill      XL: |  1  2  3  4  5  6  7  8  9 10 11 12 13 14 |
---------------+-------------------------------------------+-----
Fighting       | 3 4 5 6 7 8 10 12 13 14 15 | 15.0
Ranged Weapons | 5 6 7 8 10 11 12 13 14 | 14.2
Armour         | 2 3 |  3.1
Shields        | 2 5 7 10 12 14 15 16 | 16.3
Invocations    | 3 7 9 |  9.1
Dodging        | |  1.7
Stealth        | |  1.2

Action                   |  1- 3 |  4- 6 |  7- 9 | 10-12 | 13-15 || total
-------------------------+-------+-------+-------+-------+-------++-------
 Fire: Shortbow          |    66 |   140 |    61 |       |       ||   267
       Arbalest          |       |       |    94 |   225 |   197 ||   516
Invok: Ancestor Life: Kn |       |       |       |     1 |       ||     1
       Recall Ancestor   |       |       |       |       |     1 ||     1
       Idealise          |       |       |       |       |     1 ||     1
 Abil: Dig               |       |       |       |     1 |       ||     1
  Use: Scroll            |       |       |     9 |     6 |     4 ||    19
       Potion            |       |       |       |       |     2 ||     2
Armor: Leather armour    |     7 |    19 |       |       |       ||    26
       Chain mail        |       |    24 |    47 |       |       ||    71
       Steam dragon scal |       |       |       |     5 |     5 ||    10
Dodge: Dodged            |    14 |    40 |    32 |    16 |    16 ||   118
Block: Kite shield       |       |       |    21 |    44 |    58 ||   123
       Reflection        |       |       |       |     3 |     9 ||    12

Table legend: (Time is in decaauts)
 A = Elapsed time spent in this place.
 B = Non-inter-level travel time spent in this place.
 C = Inter-level travel time spent in this place.
 D = Time resting spent in this place.
 E = Time spent auto-exploring this place.
 F = Levels seen in this place.
 G = Mean time per level.
                   A        B        C        D        E       F      G
               +--------+--------+--------+--------+--------+-----+--------+
         Total |  13205 |  12461 |    744 |    442 |   9948 |  15 |  880.3 |
       Dungeon |  13205 |  12461 |    744 |    442 |   9948 |  15 |  880.3 |
               +--------+--------+--------+--------+--------+-----+--------+

Top non-repeatable levels by time:
    D:14: 1271 daAuts
    D:13: 1157 daAuts
     D:4: 1149 daAuts
     D:9: 1140 daAuts
     D:3: 1062 daAuts
    D:11: 1011 daAuts
     D:7: 930 daAuts
     D:8: 909 daAuts
     D:2: 841 daAuts
     D:6: 837 daAuts
    D:10: 797 daAuts
     D:5: 788 daAuts
    D:12: 781 daAuts
     D:1: 508 daAuts
    D:15: 16 daAuts
